 Dungeon Crawl Stone Soup version 0.18-a0-1089-gaeddbbb (webtiles) character file.

1384 florestan the Insei (level 8, -10/64 HPs)
             Began as a Demonspawn Monk on Jan 16, 2016.
             Mangled by an orc warrior
             ... wielding a +0 glaive
              (29 damage)
             ... on level 6 of the Dungeon.
             The game lasted 00:22:12 (6733 turns).

florestan the Insei (Demonspawn Monk)               Turns: 6733, Time: 00:22:12

Health: -10/64     AC: 10    Str: 14    XL:     8   Next: 40%
Magic:  0/8        EV: 15    Int: 11    God:
Gold:   315        SH:  0    Dex: 16    Spells: 0 memorised, 7 levels left

rFire  . . .     SeeInvis .       - Unarmed
rCold  . . .     Gourm    .     y - +0 robe
rNeg   . . .     Faith    .     (no shield)
rPois  .         Spirit   +     (helmet restricted)
rElec  .         Dismiss  .     (no cloak)
rCorr  .         Reflect  .     (no gloves)
SustAt .         Harm     .     (no boots)
MR     .....                    (no amulet)
Stlth  ++........               E - +3 ring of protection
                                i - +2 ring of protection

@: not resistant to hostile enchantments, unstealthy
A: horns 1, thin metallic scales 2, demonic guardian 1, magic shield, magic
regeneration
a: no special abilities


You were on level 6 of the Dungeon.
You were not hungry.

You visited 2 branches of the dungeon, and saw 7 of its levels.
You also visited: Sewer.

You collected 315 gold pieces.

Inventory:

Armour
 y - a +0 robe (worn)
Magical Staves
 q - an uncursed staff of summoning {unknown}
Jewellery
 i - a +2 ring of protection (left hand)
 m - an uncursed ring of fire
 E - a +3 ring of protection (right hand)
 F - an uncursed ring of flight
 G - an uncursed ring of fire
Wands
 x - a wand of paralysis (0/24)
 D - a wand of slowing (21/48)
 H - a wand of random effects (8/48)
Scrolls
 a - a scroll of amnesia {unknown}
 f - a scroll of teleportation
 o - 2 scrolls of enchant armour {unknown}
 p - a scroll of remove curse
 s - 2 scrolls of enchant weapon {unknown}
 u - 2 scrolls of noise {unknown}
 w - 3 scrolls of recharging {unknown}
 A - a scroll of fog {unknown}
 B - a scroll of identify
 C - 2 scrolls of fear {unknown}
Potions
 d - a potion of flight
 e - 3 potions of might (quivered)
 g - a potion of magic
 j - 2 potions of resistance {unknown}
 k - a potion of cancellation {unknown}
 l - 2 potions of haste {unknown}
 n - 2 potions of poison {unknown}
 r - 2 potions of heal wounds {unknown}
 t - a potion of brilliance {unknown}
 v - 3 potions of invisibility {unknown}
 z - 2 potions of lignification {unknown}
 I - a potion of agility {unknown}
Books
 h - a book of Maledictions

   Spells                             Type                      Level
   a - Corona                         Hexes                        1
   b - Ensorcelled Hibernation        Hexes/Ice                    2
   c - Confuse                        Hexes                        3
   d - Tukima's Dance                 Hexes                        3
   e - Dazzling Spray                 Conjuration/Hexes            3
Comestibles
 b - 6 bread rations
 c - 2 meat rations


   Skills:
 * Level 6.3 Fighting
 + Level 5.7 Dodging
 + Level 3.1 Stealth
 * Level 6.7 Unarmed Combat
 + Level 0.2 Evocations


You had 7 spell levels left.
You didn't know any spells.

Dungeon Overview and Level Annotations

Branches:
Dungeon (6/15)             Temple (1/1) D:5

Altars:
Ashenzari
Cheibriados
Dithmenos
Elyvilon
Fedhas
Gozag
Kikubaaqudgha
Makhleb
Nemelex Xobeh
Okawaru
Pakellas
Ru
Sif Muna
Vehumet
Xom
Yredelemnul
Zin
The Shining One


Innate Abilities, Weirdness & Mutations

You have a pair of small horns on your head.
You are mostly covered in thin metallic scales (AC +3).
A weak demonic guardian rushes to your aid.
When hurt, damage is shared between your health and your magic reserves.
You regenerate magic rapidly.


Message History

The orc closely misses you.
You punch the orc!
You kill the orc!
The orc warrior closely misses you.
An orc wizard comes into view. It is wielding a dagger.
The orc wizard shouts!
You hit the ogre. Your headbutt misses the ogre.
The ogre is severely wounded.
The ogre closely misses you.
An orc wizard comes into view. It is wielding a dagger.
You barely miss the ogre.
The orc wizard shouts!
Your headbutt misses the ogre.
The ogre is severely wounded.
The orc warrior barely misses you. The ogre hits you with a giant club!
* * * LOW HITPOINT WARNING * * *
You hit the ogre but do no damage.
The ogre is severely wounded.
The orc warrior hits you from afar with a glaive!!
You die...

# #....(.......#
########.#............#
.......#..............#
(......####.[.........#
.......####...........#
........##....#.###.###
.......o##....#.# #.#
.....ooo##....#.# #.#
...o.hlsO@5...#.# #.#
...####o##.(.(#.# #.#
#.##....#.# #.#
#.##....#..##.#
#.##....##.# #.##....#
.# #.##....# .#
#.####### .# ..


You could see an orc warrior, an ogre, an iguana, a hound, 2 orc wizards, 2
orcs, a giant cockroach and a friendly white imp.

Vanquished Creatures
  Sigmund (D:3)
  A hungry ghost (D:6)
  A phantom (D:5)
  An ogre (D:4)
  A centaur (D:5)
  A big kobold (Sewer)
  2 crimson imps
  3 hounds (D:4)
  A centaur skeleton (D:5)
  A gnoll shaman (D:4)
  4 iguanas
  A worker ant (D:4)
  The ghost of zercules the Conjurer, a weakling DrCj (D:3)
  A hound zombie (D:5)
  A hound skeleton (D:6)
  12 gnolls
  5 adders
  2 river rats (Sewer)
  A shadow imp (D:5)
  2 oozes
  2 adder zombies (D:5)
  5 worms
  5 giant geckos
  10 orcs
  13 bats
  3 giant cockroaches
  12 goblins
  7 hobgoblins
  4 kobolds
  5 quokkas
  2 ball pythons
  2 giant newts (D:1)
  8 rats
121 creatures vanquished.

Vanquished Creatures (collateral kills)
  Eustachio (D:5)
  A centaur (D:5)
  A centaur skeleton (D:5)
  A giant frog skeleton (D:4)
  A gnoll (D:4)
  2 orcs (D:4)
  A goblin (D:3)
  2 kobolds (Sewer)
10 creatures vanquished.

Grand Total: 131 creatures vanquished

Notes
Turn   | Place    | Note
--------------------------------------------------------------
     0 | D:1      | florestan the Demonspawn Monk began the quest for the Orb.
     0 | D:1      | Reached XP level 1. HP: 18/18 MP: 1/1
   246 | D:1      | Gained mutation: You are partially covered in thin metallic scales (AC +2). [demonic ancestry]
   246 | D:1      | Reached XP level 2. HP: 12/24 MP: 2/2
   522 | D:1      | Reached skill level 4 in Unarmed Combat
  1190 | D:2      | Found an opulent altar of Gozag.
  1285 | D:2      | Gained mutation: A weak demonic guardian rushes to your aid. [demonic ancestry]
  1285 | D:2      | Reached XP level 3. HP: 10/29 MP: 3/3
  1552 | D:2      | Found a deep blue altar of Sif Muna.
  1552 | D:2      | Found a basalt altar of Yredelemnul.
  1818 | D:2      | Found a shattered altar of Ashenzari.
  2071 | D:3      | Gained mutation: You have a pair of small horns on your head. [demonic ancestry]
  2071 | D:3      | Reached XP level 4. HP: 9/37 MP: 4/4
  2550 | D:3      | Noticed Sigmund
  2774 | D:3      | Found a glowing golden altar of the Shining One.
  2937 | D:3      | Found a radiant altar of Vehumet.
  2938 | D:3      | Found a blossoming altar of Fedhas.
  2967 | D:3      | Noticed zercules's ghost (weakling DrCj)
  2981 | D:3      | Killed zercules's ghost
  3028 | D:3      | Killed Sigmund
  3028 | D:3      | Gained mutation: When hurt, damage is shared between your health and your magic reserves. [demonic ancestry]
  3028 | D:3      | Reached XP level 5. HP: 23/42 MP: 5/5
  3349 | D:4      | Found a glowing drain.
  3356 | Sewer    | Entered a sewer
  3542 | Sewer    | Reached XP level 6. HP: 42/49 MP: 6/6
  3603 | Sewer    | Found a glowing silver altar of Zin.
  3691 | D:3      | Reached skill level 5 in Unarmed Combat
  4747 | D:4      | Gained mutation: You are mostly covered in thin metallic scales (AC +3). [demonic ancestry]
  4747 | D:4      | Reached XP level 7. HP: 55/55 MP: 7/7
  4785 | D:4      | Reached skill level 5 in Fighting
  5238 | D:5      | Entered Level 5 of the Dungeon
  5302 | D:5      | Noticed Eustachio
  5391 | D:5      | Found a staircase to the Ecumenical Temple.
  5402 | Temple   | Entered the Ecumenical Temple
  5676 | D:5      | Killed Eustachio
  5851 | D:5      | Reached skill level 6 in Unarmed Combat
  5952 | D:5      | Reached skill level 5 in Dodging
  6266 | D:5      | Gained mutation: You regenerate magic rapidly. [demonic ancestry]
  6266 | D:5      | Reached XP level 8. HP: 60/64 MP: 8/8
  6733 | D:6      | Mangled by an orc warrior

Vault maps used:
D:1:      saegor_arrival_under_anarchy
D:2:      ashenzari_conservatory_becter, gammafunk_temple_overflow_wave,
          nicolae_gozag_seed_capital
D:3:      old_standard_altar, nicolae_overflow_hidden_temple, uniq_sigmund
D:4:      first_bread, lightli_sewer_entry_pipes, kennysheep_small_circle
D:5:      minmay_temple_entry_glassed_door, uniq_eustachio
D:6:      lemuel_doored_altar, uniq_edmund
Temple:   dpeg_five_rooms_temple_12
Sewer:    sewer_kobolds

Action                   |  1- 3 |  4- 6 |  7- 9 || total
-------------------------+-------+-------+-------++-------
Melee: Unarmed           |   156 |   191 |   189 ||   536
Evoke: Wand              |       |     5 |       ||     5
  Use: Scroll            |     1 |     4 |     2 ||     7
       Potion            |       |     7 |       ||     7
 Stab: Sleeping          |     3 |     3 |     3 ||     9
       Distracted        |       |     1 |     2 ||     3
  Eat: Chunk             |     3 |     5 |     3 ||    11
       Fruit             |     1 |     1 |     2 ||     4
       Pizza             |       |     2 |       ||     2
       Meat ration       |       |       |     1 ||     1
